[Event "*** SCC Grand Prix: Titled Tuesday Blitz"]
[Site "Chess.com"]
[Date "2020.08.11"]
[Round "6"]
[White "VerdeNotte"]
[Black "Rud_Makarian"]
[Result "1-0"]
[WhiteElo "2880"]
[BlackElo "2676"]
[TimeControl "180+1"]
[EndTime "11:07:57 PDT"]
[Termination "VerdeNotte won by resignation"]

1. e4 e5 2. Nf3 Nc6 3. Bc4 Bc5 4. c3 Nf6 5. d4 exd4 6. e5 d5 7. Bb5 Ne4 8. cxd4 Bb4+ 9. Bd2 O-O 10. Bxc6 Nxd2 11.
Nbxd2 bxc6 12. O-O c5 13. a3 Bxd2 14. Qxd2 Bg4 15.
dxc5 Bxf3 16. gxf3 c6 17. b4 Qh4 18. Qe3 Rae8 19.
Rfe1 Re6 20. f4 Rg6+ 21. Kh1 Rg4 22. f5 Rf4 23. Rg1 Rxf2 24. Rg2 Rxg2 25. Kxg2 Qg4+ 26.
Qg3 Qxf5 27. Re1 Re8 28. Qf3 Qg5+ 29. Qg3 Qxg3+ 30. hxg3 f6 31. e6 Kf8 32. a4 Rb8 33.
Rb1 Ke7 34. b5 cxb5 35. axb5 Kxe6 36. Kf3 f5 37. Ke3 Ke5 38. Kd3 d4 39. Kc4 Ke4 40. Rd1 Rd8 41. c6 g5 42. c7 Rc8 43. Rxd4+ Kf3 44. Rd7 Kxg3 45. Kd5 f4 46. Kc6 f3 47.
Kb7 f2 48. Rf7 Rg8 49. Kxa7 h5 50. b6 h4 51. b7 h3 52. b8=Q h2 53. c8=Q+ Kg2 54.
Qg4+ 1-0

[Event "*** SCC Grand Prix: Titled Tuesday Blitz"]
[Site "Chess.com"]
[Date "2020.08.11"]
[Round "6"]
[White "keshka01"]
[Black "maximnovik"]
[Result "0-1"]
[WhiteElo "2580"]
[BlackElo "2468"]
[TimeControl "180+1"]
[EndTime "11:07:57 PDT"]
[Termination "maximnovik won by resignation"]

1. e4 c6 2. c4 d5 3. cxd5 cxd5 4. exd5 Nf6 5. Qa4+ Nbd7 6. Nc3 a6 7. Bc4 Rb8 8. Be2 g6 9. Nf3 Bg7 10. d3 b5 11. Qh4 h6 12. O-O g5 13. Qg3 b4 14.
Ne4 Nh5 15. Qh3 Ne5 16. Qxh5 Bg4 17. Nxe5 Bxh5 18. Bxh5 Bxe5 19. f4 Bd4+ 20. Kh1 O-O 21. fxg5 Qxd5 22. Bf3 Qe5 23. gxh6 Bxb2 24. Bxb2 Qxb2 25.
Ng5 Rb5 26. Ne4 Qh8 27. a4 Re5 28. d4 Rxe4 29. Bxe4 Qxh6 30. a5 e6 31. Bd3 Ra8 32. Rfb1 Qe3 33. Bf1 Qxd4 34. Ra4 Qe4 35. Raxb4 Qe5 36.
Ra4 Kg7 37. Raa1 f5 38. h3 Rb8 39. Re1 Qf6 40. Rad1 e5 41. Rd7+ Kg6 42. Ra7 Kg5 43. Rxa6 Qe7 44. Rb6 Rxb6 45. axb6 Qb4 46. Rxe5 Qxb6 47. Re1 Qf2 48. Rd1 f4 49. Rb1 Kh4 50.
Ra1 Qe3 51. Rd1 Qf2 52. Ra1 Qb2 53. Rd1 f3 54. gxf3 Kg3 0-1

[Event "*** SCC Grand Prix: Titled Tuesday Blitz"]
[Site "Chess.com"]
[Date "2020.08.11"]
[Round "6"]
[White "Schandenfreude"]
[Black "LuisFSiles"]
[Result "1-0"]
[WhiteElo "2542"]
[BlackElo "2314"]
[TimeControl "180+1"]
[EndTime "11:07:57 PDT"]
[Termination "Schandenfreude won by resignation"]

1. d4 Nf6 2. Bf4 g6 3. e3 Bg7 4.
Nf3 O-O 5. h3 d6 6. Be2 c5 7. c3 Nc6 8. O-O Be6 9. Nbd2 Qb6 10. dxc5 dxc5 11. Qc2 Na5 12. Ng5 Bd7 13. Rfd1 Rac8 14.
Nc4 Nxc4 15. Bxc4 Qc6 16. Qb3 e6 17. Rd6 Qa4 18. Be5 Qxb3 19. axb3 Rfd8 20. Bxf6 Bxf6 21. Ne4 Be7 22. Rdd1 a6 23. Nd6 Bxd6 24. Rxd6 Bc6 25. Rad1 Rxd6 26. Rxd6 Kf8 27. f3 Ke7 28. Rd2 b5 29.
Be2 Rd8 30. Rxd8 Kxd8 31. Kf2 Ke7 32. e4 e5 33. Ke3 f6 34. b4 Kd6 35. bxc5+ Kxc5 36. b4+ Kd6 37. Bd1 g5 38. Bb3 h5 39. g4 h4 40. Kd3 Bd7 41. c4 Be6 42. c5+ Kd7 43. Bd5 Bxd5 44. exd5 Kc7 45. Ke4 Kd7 46. d6 Kc6 47.
Ke3 Kd7 48. Kd3 Kc6 49. Ke4 Kd7 50. Kd5 Kc8 51. c6 Kd8 52. Kc5 Kc8 53. Kb6 Kd8 54. c7+ Kc8 55. Kc6 1-0

[Event "*** SCC Grand Prix: Titled Tuesday Blitz"]
[Site "Chess.com"]
[Date "2020.08.11"]
[Round "6"]
[White "Rodalquilar"]
[Black "Gulkov_Igor"]
[Result "1-0"]
[WhiteElo "2610"]
[BlackElo "2421"]
[TimeControl "180+1"]
[EndTime "11:07:58 PDT"]
[Termination "Rodalquilar won on time"]

1. d4 Nf6 2. c4 g6 3. Nc3 Bg7 4. e4 d6 5. f4 O-O 6. Nf3 c5 7.
dxc5 Qa5 8. Bd3 Qxc5 9. Qe2 Nc6 10. Be3 Qa5 11. Rc1 Bg4 12. O-O Nd7 13. Qd2 Nc5 14. Bb1 Bxf3 15. Rxf3 Rac8 16. Rf2 a6 17. Nd5 Qxd2 18.
Rxd2 e6 19. Nb6 Rcd8 20. e5 Nd7 21. Rcd1 Nxb6 22. Bxb6 Rd7 23. exd6 Rc8 24. a3 e5 25. f5 Nd4 26. fxg6 hxg6 27. c5 Bh6 28.
Rd3 Kg7 29. b4 Bg5 30. Ba2 Bd8 31. Bxd8 Rcxd8 32. Bd5 Rc8 33. Bc4 a5 34. Kf2 Ra8 35.
Ke3 f5 36. Rxd4 exd4+ 37. Kxd4 Kf6 38. b5 b6 39. Bd5 Rad8 40. Bc6 bxc5+ 41. Kxc5 Rh7 42.
h3 Rh4 43. b6 Rf4 44. b7 Rf2 45. Kb6 Rc2 46. Kc7 Rh8 47. d7 g5 48. d8=Q+ 1-0

[Event "*** SCC Grand Prix: Titled Tuesday Blitz"]
[Site "Chess.com"]
[Date "2020.08.11"]
[Round "6"]
[White "zajka-molotok"]
[Black "tylityli"]
[Result "0-1"]
[WhiteElo "2363"]
[BlackElo "2172"]
[TimeControl "180+1"]
[EndTime "11:07:58 PDT"]
[Termination "tylityli won on time"]

1. c4 c5 2. Nc3 Nf6 3. Nf3 d5 4. cxd5 Nxd5 5. g3 Nc6 6. Bg2 Nc7 7. O-O e5 8. d3 Be7 9. Nd2 Bd7 10. Nc4 f6 11. Ne4 Be6 12. Be3 Na6 13. Qb3 Rb8 14. Qc2 Qd7 15. a3 O-O 16. Rfc1 Nd4 17. Qd1 b5 18.
Ncd2 Rfc8 19. Bxd4 cxd4 20. Nb3 f5 21. Ned2 Bd5 22. Rxc8+ Rxc8 23. Rc1 Bxg2 24. Kxg2 Rc6 25. Na5 Qd5+ 26. f3 Rxc1 27. Qxc1 Qc5 28. Qxc5 Bxc5 29. b4 Nxb4 30. axb4 Bxb4 31. Ndb3 Kf7 32. Nc6 Bd6 33. Kf2 a6 34. f4 exf4 35. Ncxd4 fxg3+ 36. hxg3 g6 37. Kf3 Kf6 38. Nc6 Bc7 39. e4 g5 40. d4 fxe4+ 41.
Kxe4 Bxg3 42. Nb4 a5 43. Nxa5 Be1 44. Nbc6 g4 45. Nb3 h5 46. Ne5 g3 47. Nf3 Bc3 48.
Nh4 Kg5 49. Ng2 Bxd4 50. Kxd4 Kg4 51. Ke3 h4 0-1

[Event "*** SCC Grand Prix: Titled Tuesday Blitz"]
[Site "Chess.com"]
[Date "2020.08.11"]
[Round "6"]
[White "RaunakSadhwani2005"]
[Black "Yashasd1995"]
[Result "1-0"]
[WhiteElo "2939"]
[BlackElo "2516"]
[TimeControl "180+1"]
[EndTime "11:07:59 PDT"]
[Termination "RaunakSadhwani2005 won on time"]

1. d4 Nf6 2. Bf4 e6 3. e3 b6 4.
Nf3 Bb7 5. Bd3 d6 6. O-O Nbd7 7.
h3 Qe7 8. Bh2 g6 9. Nbd2 Bg7 10.
e4 e5 11. c3 O-O 12. Re1 Nh5 13. Bf1 Rad8 14. a4 a6 15. Qb3 Rfe8 16. Rad1 Nf4 17.
Qc2 h5 18. d5 h4 19. a5 b5 20.
c4 b4 21. Qb3 Rb8 22. Qxb4 Bxd5 23. Qc3 Be6 24. b4 g5 25. b5 g4 26. hxg4 Bxg4 27. Nb3 h3 28. g3 Ne6 29. Be2 Nec5 30. Nbd2 Qf6 31. Rb1 Qg6 32. Nh4 Qh5 33. Bxg4 Qxg4 34. f3 Qg5 35. Nf5 Bh6 36. Nf1 Nf8 37. Kh1 Nfe6 38. Bg1 Bf8 39. Kh2 Qh5 40. Nd2 Ra8 41. Be3 Na4 42. Qb4 Nac5 43. Qc3 Na4 44. Qc2 Nac5 45. b6 cxb6 46. axb6 a5 47. g4 Qg6 48.
Nb3 a4 49. Nxc5 dxc5 50. b7 Rab8 51. Qxa4 Nd4 52. Rf1 Qe6 53. Bxd4 exd4 54. Kxh3 Qe5 55. Kg2 Re6 56. Rh1 Qf4 57. Qc2 Ra6 58. Qf2 Ra3 59.
Rh3 Qg5 60. Rbh1 Bg7 61. Rh5 Qf6 62. Rh7 1-0

[Event "*** SCC Grand Prix: Titled Tuesday Blitz"]
[Site "Chess.com"]
[Date "2020.08.11"]
[Round "6"]
[White "kuban1991"]
[Black "Djager97"]
[Result "1-0"]
[WhiteElo "2740"]
[BlackElo "2594"]
[TimeControl "180+1"]
[EndTime "11:08:01 PDT"]
[Termination "kuban1991 won by checkmate"]

1. Nf3 d5 2. g3 Nf6 3. Bg2 e6 4.
O-O Be7 5. d3 O-O 6. Nbd2 c5 7.
e4 Nc6 8. e5 Nd7 9. Re1 a5 10.
h4 b5 11. h5 h6 12. Nf1 Re8 13. N1h2 b4 14. Bf4 Ba6 15. Qd2 Bf8 16. g4 Nd4 17. Nxd4 cxd4 18. Nf3 Qb6 19. g5 hxg5 20. Bxg5 Rac8 21. Rac1 a4 22. b3 Rc3 23. h6 g6 24. h7+ Kxh7 25. Qf4 Kg8 26. Bh6 Qd8 27. Bxf8 Nxf8 28. Qxd4 Qb8 29. Qf4 Rec8 30. Nd4 Qc7 31. Bf3 axb3 32. axb3 Bxd3 33. Ra1 Bxc2 34. Nb5 Qc5 35.
Ra7 Bf5 36. Nxc3 bxc3 37. Raa1 d4 38. Kg2 d3 39. Rh1 g5 40. Qxg5+ Ng6 41. Qf6 c2 42. Rh7 Kxh7 43. Qxf7+ Kh6 44. Rh1+ Kg5 45. Qg7 c1=Q 46. Qh6# 1-0

[Event "*** SCC Grand Prix: Titled Tuesday Blitz"]
[Site "Chess.com"]
[Date "2020.08.11"]
[Round "6"]
[White "NateSolon"]
[Black "Fortitudine"]
[Result "1-0"]
[WhiteElo "2513"]
[BlackElo "2258"]
[TimeControl "180+1"]
[EndTime "11:08:02 PDT"]
[Termination "NateSolon won on time"]

1. d4 Nf6 2. c4 c5 3. d5 b5 4. cxb5 a6 5. bxa6 g6 6. Nc3 Bg7 7. e4 O-O 8. Nf3 d6 9. Be2 Nxa6 10. O-O Qa5 11. h3 Nc7 12. Bd2 Ba6 13. a4 Bxe2 14.
Qxe2 Qa6 15. Qxa6 Rxa6 16. Rad1 Rb8 17. Bc1 Nd7 18. Rfe1 Ne5 19. Nxe5 Bxe5 20. f4 Bd4+ 21. Kh1 f6 22. f5 Bxc3 23. bxc3 Rxa4 24. e5 fxe5 25. Bg5 Re8 26. fxg6 hxg6 27. Rf1 Rc4 28. Rf3 Nb5 29. Bd2 e6 30. dxe6 Rxe6 31. Rdf1 Re7 32. Rf8+ Kh7 33. Rb8 Nxc3 34. Rff8 g5 35. Bxg5 Rd7 36.
Rh8+ Kg6 37. h4 Kf5 38. Rbf8+ Ke4 39. h5 Ne2 40. h6 Ra4 41. Kh2 Raa7 42. Bf6 Rh7 43. g4 Nf4 44. g5 Ng6 45. Rxh7 Rxh7 46. Rg8 Kf5 47. Rg7 Nf8 48. Kg3 1-0

[Event "*** SCC Grand Prix: Titled Tuesday Blitz"]
[Site "Chess.com"]
[Date "2020.08.11"]
[Round "6"]
[White "Jovidon91"]
[Black "Grineva_Marianna"]
[Result "1-0"]
[WhiteElo "2448"]
[BlackElo "2206"]
[TimeControl "180+1"]
[EndTime "11:08:03 PDT"]
[Termination "Jovidon91 won on time"]

1. d4 f5 2. Nc3 Nf6 3. Bg5 d6 4.
f3 Nbd7 5. e4 fxe4 6. fxe4 e5 7.
Nf3 Be7 8. Bc4 c6 9. dxe5 dxe5 10. Qe2 Qc7 11. Bh4 Nb6 12. Bb3 Bg4 13. O-O-O Nh5 14. Bxe7 Qxe7 15. h3 Nf4 16. Qf2 Be6 17. Bxe6 Qxe6 18. g3 Ng6 19. Ng5 Qe7 20. h4 h6 21. Qf5 Nf8 22. Nf3 Nc4 23. Rd3 g6 24.
Qg4 Rd8 25. Rhd1 Rxd3 26. Rxd3 h5 27. Qh3 Kf7 28. Ng5+ Kg7 29. Rf3 Nd6 30. Qf1 Nd7 31. Nf7 Rf8 32. Ng5 Rxf3 33. Qxf3 Nf6 34. a3 a6 35. Nd1 Nb5 36. Ne3 Nd4 37. Qf2 Qd7 38.
c3 Ne6 39. Nxe6+ Qxe6 40. Qf3 Qd6 41. Nd1 b5 42. Nf2 c5 43. Kc2 a5 44. Qd3 Qe6 45.
Qxb5 Qf7 46. Qe2 c4 47. Nd1 Ng4 48. Ne3 Nf2 49. Nxc4 a4 50. Nxe5 Qf6 51. Nd3 Nh1 52.
e5 1-0

[Event "*** SCC Grand Prix: Titled Tuesday Blitz"]
[Site "Chess.com"]
[Date "2020.08.11"]
[Round "6"]
[White "XiaoKangZhong"]
[Black "kleinebeer98"]
[Result "0-1"]
[WhiteElo "2423"]
[BlackElo "2642"]
[TimeControl "180+1"]
[EndTime "11:08:05 PDT"]
[Termination "kleinebeer98 won by resignation"]

1. e4 e5 2. Nf3 Nc6 3. Bc4 Nf6 4. d3 h6 5. Nbd2 d6 6. a4 Be6 7. O-O Qd7 8. c3 g6 9. b4 Bg7 10. b5 Na5 11. Ba2 O-O 12. Bb2 a6 13. bxa6 Rxa6 14. d4 exd4 15. cxd4 Bxa2 16. Rxa2 Re8 17. Re1 Raa8 18.
Bc3 b6 19. Ra1 Kh7 20. Qc2 Qc6 21. Qd3 d5 22. e5 Nd7 23. Rec1 Qb7 24. Rab1 Nf8 25.
Bxa5 Rxa5 26. Qc3 Ra7 27. a5 Ne6 28. axb6 cxb6 29. Qc6 Qxc6 30. Rxc6 Ra4 31. Rd6 Nxd4 32. Rxd5 Ne2+ 33. Kf1 Nc3 34. Rdb5 Nxb1 35. Nxb1 Ra1 36. Rxb6 Bxe5 37. Nxe5 Rxe5 38. g3 Rc5 39. Kg2 Ra2 40. Rb3 Rcc2 41. Rf3 Kg7 42. Nc3 Ra3 43. Nd5 Rxf3 44. Kxf3 Ra2 45. Ne3 f5 46. h4 Kf6 47.
Nd5+ Ke5 48. Nf4 g5 49. hxg5 hxg5 50. Nd3+ Kd4 51. Nb4 Ra3+ 52. Kg2 Rc3 53. Na6 Rc6 54. Nb8 Rd6 55. f4 gxf4 56. gxf4 Kc5 57. Kg3 Kb6 58.
Kh4 Kb7 59. Kg5 Kxb8 60. Kxf5 Kc7 61. Ke5 Kd7 62. f5 Ke7 63. Ke4 Rf6 64. Kf4 Kf7 65. Kg4 Ra6 66. Kf4 Ra5 67. Kg5 Kg7 0-1

[Event "*** SCC Grand Prix: Titled Tuesday Blitz"]
[Site "Chess.com"]
[Date "2020.08.11"]
[Round "6"]
[White "MPGM"]
[Black "awesomevishesh"]
[Result "0-1"]
[WhiteElo "2459"]
[BlackElo "2388"]
[TimeControl "180+1"]
[EndTime "11:08:06 PDT"]
[Termination "awesomevishesh won by resignation"]

1. d4 Nf6 2. c4 g6 3. g3 Bg7 4. Bg2 O-O 5. Nc3 d6 6. Nf3 Nc6 7. O-O e5 8. d5 Nb8 9. e4 a5 10. h3 Na6 11. Be3 Nd7 12. Nh4 Ndc5 13. Qd2 Bd7 14.
Rae1 Kh8 15. Kh2 f5 16. f4 fxe4 17. Nxe4 Nxe4 18. Bxe4 exf4 19. Bxf4 Nc5 20. Bg2 b5 21. Bg5 Qb8 22. Rxf8+ Qxf8 23. Re7 bxc4 24. Rxg7 Qxg7 25. Be3 Nd3 26. Nf3 Kg8 27. Bd4 Qe7 28. b3 Rf8 29.
bxc4 Ne5 30. Nxe5 dxe5 31. Bc3 Qf6 32. Bxa5 Qf2 33. Qh6 Qc2 34. Qd2 Qxd2 35. Bxd2 Rf2 36. Bc3 e4 37. Bd4 Rd2 38. Be3 Re2 39. Bf4 e3 40. Kg1 Re1+ 41. Kh2 e2 42. Bxc7 Rh1+ 43. Kxh1 e1=Q+ 44. Kh2 Qe2 45. c5 Bf5 46. Kh1 Qe1+ 47. Kh2 Qe2 48. Kg1 Be4 49. Bxe4 Qxe4 50. d6 Qb1+ 51. Kg2 Qxa2+ 52. Kf3 Qd5+ 53. Kf4 Qxc5 54. h4 Qd4+ 55. Kf3 Kf7 0-1

[Event "*** SCC Grand Prix: Titled Tuesday Blitz"]
[Site "Chess.com"]
[Date "2020.08.11"]
[Round "6"]
[White "Alliswell998"]
[Black "AniJak"]
[Result "0-1"]
[WhiteElo "2559"]
[BlackElo "2339"]
[TimeControl "180+1"]
[EndTime "11:08:06 PDT"]
[Termination "AniJak won by checkmate"]

1. e4 c6 2. d4 d5 3. exd5 cxd5 4. Bd3 Nc6 5. c3 Nf6 6. Bf4 Bg4 7. Qb3 Qc8 8. Nd2 e6 9. Ngf3 Be7 10. O-O O-O 11.
Rae1 b6 12. Ne5 Nxe5 13. dxe5 Nd7 14. Qc2 g6 15. h3 Bf5 16. Bxf5 gxf5 17. Nf3 Kh8 18.
Bg5 Bxg5 19. Nxg5 h6 20. Nf3 Qc4 21. Qd2 Kh7 22. Nd4 Nc5 23. Re3 Rg8 24. b3 Qa6 25. b4 Ne4 26. Qd1 Qxa2 27. Qh5 Rg7 28. Rf3 Nd2 29.
Rg3 Nxf1 30. Kxf1 Qa1+ 31. Ke2 Qb2+ 32. Kf1 Rag8 33. Rxg7+ Rxg7 34. Qf3 Qb1+ 35. Ke2 Qe4+ 36. Qxe4 fxe4 37. g3 a5 38. b5 Rg8 39. Kd2 Rc8 40. Kc2 Rc5 41. Kb3 Kg6 42. Kb2 Kg7 43. Kb3 Kf8 44. Kc2 Ke7 45. Kb3 f6 46. Nc6+ Kf7 47. exf6 Rxb5+ 48. Ka4 Rc5 49. Ne5+ Kxf6 50. Nd7+ Kf5 51. Nxb6 Rxc3 52. Kxa5 Rf3 53. Kb4 Rxf2 54. Kc3 Rf3+ 55. Kd2 Rxg3 56. Nd7 Rxh3 57. Ke2 d4 58. Nc5 d3+ 59. Kf2 e3+ 60. Kg2 Rh4 61. Nxd3 Rf4 62. Kg3 e5 63. Kg2 e2 64. Ne1 Rf1 65. Nd3 e1=Q 66. Nxe1 Rxe1 67. Kf3 Re4 68. Kg3 Rf4 69. Kh3 e4 70. Kg2 e3 71. Kg3 e2 72. Kg2 e1=Q 73. Kh3 Qe3+ 74. Kg2 Rf2+ 75. Kg1 Qe1# 0-1

[Event "*** SCC Grand Prix: Titled Tuesday Blitz"]
[Site "Chess.com"]
[Date "2020.08.11"]
[Round "6"]
[White "Kate1606"]
[Black "zala02"]
[Result "0-1"]
[WhiteElo "1803"]
[BlackElo "2200"]
[TimeControl "180+1"]
[EndTime "11:08:07 PDT"]
[Termination "zala02 won on time"]

1. d4 Nf6 2. c4 e6 3. Nc3 Bb4 4.
e3 O-O 5. Bd3 d5 6. Ne2 dxc4 7.
Bxc4 e5 8. O-O exd4 9. Nxd4 Bxc3 10. bxc3 b6 11. Qf3 c6 12. Nxc6 Nxc6 13. Qxc6 Rb8 14.
Ba3 Bb7 15. Qd6 Re8 16. Qxd8 Rbxd8 17. Rad1 Ne4 18. Bb5 Nxc3 19. Bxe8 Nxd1 20. Bb5 Nc3 21. Bc4 a6 22. h3 b5 23. Bb3 a5 24. Bb2 Ne4 25.
Rd1 Rxd1+ 26. Bxd1 f6 27. Bf3 Kf7 28. Bxe4 Bxe4 29.
f3 Bd5 30. a3 Ke6 31. e4 Bb3 32. Kf2 Kd6 33. Ke3 Kc5 34. g3 Kc4 35. f4 Bc2 36. e5 fxe5 37. fxe5 Bf5 38. e6 Bxe6 39. Bxg7 Bxh3 40. Kf4 Kb3 41. Bf8 b4 42. axb4 axb4 43. Kg5 Kc3 44. g4 Bf1 45. Kh6 Bd3 46. Bg7+ Kc2 47. g5 b3 48. Be5 b2 49. Bxb2 Kxb2 50. Kg7 Bg6 51. Kh6 Kc3 52. Kg7 Kd3 53. Kf6 Ke4 54.
Kg7 Kf4 55. Kh6 Kg4 56. Kg7 Kxg5 57. Kh8 h5 58. Kg8 h4 59. Kg7 h3 0-1

[Event "*** SCC Grand Prix: Titled Tuesday Blitz"]
[Site "Chess.com"]
[Date "2020.08.11"]
[Round "6"]
[White "Alindsay211"]
[Black "Blagorod"]
[Result "1/2-1/2"]
[WhiteElo "2326"]
[BlackElo "2121"]
[TimeControl "180+1"]
[EndTime "11:08:08 PDT"]
[Termination "Game drawn by repetition"]

1. d4 d5 2. c4 Nc6 3. cxd5 Qxd5 4. Nf3 e5 5. Nc3 Bb4 6. dxe5 Qxd1+ 7. Kxd1 Bxc3 8. bxc3 Bg4 9. Bf4 Nge7 10. Kc2 Ng6 11.
g3 Bxf3 12. exf3 Nxf4 13. gxf4 O-O-O 14. Bb5 Ne7 15. Bc4 f6 16. Rhg1 Ng6 17. Rg4 fxe5 18. Be6+ Kb8 19. f5 Nf4 20. Rxg7 h5 21. Rag1 a6 22. Re7 Rd6 23. Rgg7 Rhd8 24. Rxc7 Nxe6 25. fxe6 Rxe6 26. Rxb7+ Ka8 27. Rbe7 Rf6 28. Rxe5 Rxf3 29. Rxh5 Rxf2+ 30. Kb3 Rb8+ 31. Ka3 Rf3 32. Rc7 Re8 33. Rh6 Kb8 34. Rc4 Rf2 35. Rxa6 Ree2 36. Rb6+ Ka7 37.
Rb3 Rxa2+ 38. Kb4 Rxh2 39. Ra3+ Rxa3 40. Kxa3 Kb6 41. Kb4 Rb2+ 42. Ka3 Rh2 43. Rg4 Rh3 44. Kb3 Kc5 45. Rg5+ Kc6 46. Kb4 Rh1 47. Rg6+ Kc7 48. c4 Rb1+ 49. Kc5 Rh1 50. Rg7+ Kc8 51. Kb5 Rb1+ 52.
Kc6 Kb8 53. c5 Rh1 54. Rg8+ Ka7 55. Rg7+ Kb8 56. Rb7+ Kc8 57. Rg7 Kb8 1/2-1/2

[Event "*** SCC Grand Prix: Titled Tuesday Blitz"]
[Site "Chess.com"]
[Date "2020.08.11"]
[Round "6"]
[White "AlanZhang"]
[Black "Gvetadze"]
[Result "0-1"]
[WhiteElo "2171"]
[BlackElo "2419"]
[TimeControl "180+1"]
[EndTime "11:08:08 PDT"]
[Termination "Gvetadze won on time"]

1. e4 Nf6 2. e5 Nd5 3. d4 d6 4. Nf3 dxe5 5. Nxe5 c6 6. Be2 Nd7 7. O-O Nxe5 8. dxe5 Bf5 9. Bd3 Bxd3 10.
Qxd3 e6 11. c4 Nb4 12. Qb3 a5 13. Rd1 Qc7 14. Bf4 Bc5 15. Nd2 O-O 16. Ne4 Be7 17.
a3 Na6 18. Qg3 Kh8 19. Nd6 Nc5 20. b4 axb4 21. axb4 Rxa1 22. Rxa1 Na6 23. Qa3 Qb6 24. Rb1 Qd4 25. Qe3 Qxe3 26. Bxe3 b5 27. cxb5 cxb5 28.
Bc5 f6 29. f4 fxe5 30. fxe5 Kg8 31. Ra1 Nc7 32. h3 h6 33. Ra7 Nd5 34. Ne4 Rf7 35. Nd6 Bxd6 36. exd6 Rxa7 37. Bxa7 Kf7 38. Bc5 Ke8 39. Kf2 Kd7 40. Kf3 Nc3 41. Kf4 Na4 42. Ke5 Nb2 43. Kd4 Nc4 44. g4 Nxd6 45. h4 Nc4 46. Bf8 g5 47. h5 e5+ 48. Ke4 Ke6 49.
Bxh6 Nd6+ 50. Ke3 Nf7 51. Bg7 Nd6 52. h6 Kf7 53. Bxe5 Nc4+ 54. Kd4 Kg6 55. Bg7 Nd2 56. Kc5 Nf1 57. Kxb5 Ne3 58. Kc6 Nxg4 59. b5 Ne3 60. b6 Nc4 61. Kc5 Nxb6 62. Kxb6 g4 63. Kc5 g3 64. Kd4 g2 0-1

[Event "*** SCC Grand Prix: Titled Tuesday Blitz"]
[Site "Chess.com"]
[Date "2020.08.11"]
[Round "6"]
[White "Beca95"]
[Black "bgfbfbgfbgfgf"]
[Result "1-0"]
[WhiteElo "2884"]
[BlackElo "2680"]
[TimeControl "180+1"]
[EndTime "11:08:12 PDT"]
[Termination "Beca95 won by resignation"]

1. e4 e5 2. Nf3 Nc6 3. d4 exd4 4.
Nxd4 Bc5 5. Nb3 Bb6 6. Nc3 Nge7 7. Qe2 O-O 8. Bg5 f6 9. Be3 f5 10. O-O-O f4 11. Bxb6 axb6 12. a3 d6 13. f3 Be6 14. Qd2 Ng6 15. Nd4 Nxd4 16. Qxd4 Qd7 17. h4 Ne5 18. h5 h6 19. Kb1 Qf7 20. Qd2 Kh8 21. Bd3 Bc4 22. Ne2 b5 23. Rh4 Bxd3 24. cxd3 Qb3 25. Nd4 Qa4 26. Nc2 c5 27. Rxf4 Rxf4 28.
Qxf4 b4 29. Qd2 bxa3 30. Nxa3 Qb3 31. Nc2 Qa2+ 32. Kc1 Nc6 33. Qc3 b5 34. b3 Na5 35.
Na1 Nc6 36. Nc2 Na5 37. Na1 Qxg2 38. d4 b4 39. Qd2 Qxf3 40. Qd3 Qf2 41. Nc2 c4 42.
bxc4 b3 43. Rd2 Qg1+ 44. Rd1 Qg2 45. Rd2 Qh1+ 46. Rd1 Qh2 47. Rd2 Qh1+ 48. Rd1 Qxh5 49. Nb4 Rc8 50. Kb1 Rxc4 51. Nd5 Rc2 52. Ne3 Rf2 53. Qc3 Qf3 54. Qc8+ Kh7 55. Qf5+ Qxf5 56. exf5 Nc4 57. Nxc4 Rxf5 58. Nxd6 Rf2 59. Ne4 Re2 60. Nc5 h5 61. d5 h4 62. d6 h3 63. d7 1-0

[Event "*** SCC Grand Prix: Titled Tuesday Blitz"]
[Site "Chess.com"]
[Date "2020.08.11"]
[Round "6"]
[White "abykhovsky"]
[Black "Gabix_94"]
[Result "0-1"]
[WhiteElo "2753"]
[BlackElo "2876"]
[TimeControl "180+1"]
[EndTime "11:08:13 PDT"]
[Termination "Gabix_94 won by resignation"]

1. d4 Nf6 2. Nf3 g6 3. c4 Bg7 4. Nc3 O-O 5. Bg5 d6 6. e3 h6 7. Bh4 c5 8. d5 Na6 9. Nd2 Nc7 10. Be2 Rb8 11. a4 a6 12. O-O Bd7 13. a5 b5 14.
axb6 Rxb6 15. Qc2 Qb8 16. b3 e6 17. e4 exd5 18. exd5 Re8 19. Rfe1 Bf5 20. Bd3 Bxd3 21.
Qxd3 Nd7 22. h3 Ne5 23. Qc2 f5 24. f4 Nf7 25. Rxe8+ Nxe8 26. Re1 Kh7 27. Re7 Rb7 28. Re2 Nf6 29. Re6 Nh5 30. Ne2 Nd8 31. Bxd8 Qxd8 32. g4 Nf6 33. gxf5 gxf5 34. Qxf5+ Kh8 35. Ne4 Nxe4 36.
Qxe4 Rb8 37. Kg2 Qh4 38. Re8+ Rxe8 39. Qxe8+ Kh7 40. Qe4+ Kh8 41. Ng3 Qf6 42. Qe2 Qxf4 43. Qe8+ Kh7 44. Qe4+ Qxe4+ 45. Nxe4 Be5 46. Kf3 Kg6 47.
Kg4 h5+ 48. Kf3 Kf5 49. Nf2 Bd4 50. Ne4 Be5 51. Nf2 Bd4 52. Nd3 a5 53. Nf4 h4 54.
Ng2 Bf6 55. Ke3 Bg5+ 56. Kf3 Ke5 57. Kg4 Bd8 58. Nxh4 Kd4 59. Nf5+ Kc3 60. Nxd6 Kxb3 61. Nb7 Bb6 62. d6 a4 63. d7 a3 64. Nxc5+ Kxc4 65.
Na4 Bd8 0-1

[Event "*** SCC Grand Prix: Titled Tuesday Blitz"]
[Site "Chess.com"]
[Date "2020.08.11"]
[Round "6"]
[White "HonzaVykouk"]
[Black "eCztery"]
[Result "1-0"]
[WhiteElo "2585"]
[BlackElo "2424"]
[TimeControl "180+1"]
[EndTime "11:08:14 PDT"]
[Termination "HonzaVykouk won on time"]

1. e4 c5 2. Nf3 g6 3. d4 cxd4 4. Nxd4 Nc6 5. Be3 Nf6 6. Nc3 Bg7 7. Bc4 O-O 8. Bb3 Ng4 9. Qxg4 Nxd4 10. Qd1 Nc6 11.
Qd2 d6 12. h4 Qa5 13. h5 Be6 14. hxg6 hxg6 15. Bh6 Bxb3 16. Bxg7 Kxg7 17. Qh6+ Kf6 18. Qf4+ Kg7 19. Qh6+ Kf6 20. cxb3 Rh8 21. Qxh8+ Rxh8 22. Rxh8 Kg7 23. Rh1 Qg5 24. g3 Nd4 25. Rd1 Nf3+ 26. Kf1 Qg4 27. Kg2 Ng5 28. Rde1 Qf3+ 29. Kg1 b5 30.
Re3 Qf6 31. b4 e6 32. Kg2 a6 33. Rd1 Qe7 34. Red3 Qb7 35. f3 f5 36. Rxd6 Nf7 37.
Rd7 Qc6 38. R1d2 Kf6 39. a3 Ng5 40. R7d6 Qc4 41. R6d4 Qb3 42. f4 Nxe4 43. Nxe4+ fxe4 44. Rxe4 Qa2 45. Rde2 Qb3 46. Rxe6+ Kf7 47. R6e5 Kf6 48.
g4 Kf7 49. g5 Qc4 50. Kf3 Qc6+ 51. Kg4 Qd7+ 52. Re6 Qc8 53. f5 gxf5+ 54. Kxf5 Qd7 55. g6+ Kg7 56. Kg5 Qd5+ 57. R6e5 Qd8+ 58. Re7+ Kf8 59.
Kh6 1-0

[Event "*** SCC Grand Prix: Titled Tuesday Blitz"]
[Site "Chess.com"]
[Date "2020.08.11"]
[Round "6"]
[White "UmbertoConcelli"]
[Black "Crazy_girl99"]
[Result "1/2-1/2"]
[WhiteElo "2695"]
[BlackElo "2503"]
[TimeControl "180+1"]
[EndTime "11:08:16 PDT"]
[Termination "Game drawn by stalemate"]

1. d4 d5 2. Nf3 Nf6 3. Bg5 Nbd7 4. e3 e6 5. Bd3 Be7 6. Nbd2 h6 7. Bh4 Nh5 8. Bxe7 Qxe7 9. O-O Nhf6 10. c4 c6 11.
e4 dxe4 12. Nxe4 Nxe4 13. Bxe4 O-O 14. Re1 Nf6 15. Bc2 Rd8 16. Qd3 b6 17. c5 bxc5 18.
Qa3 a5 19. Ba4 Ba6 20. Ne5 Bb7 21. dxc5 Rac8 22. Nc4 Nd5 23. Nxa5 Ra8 24. b4 Nf4 25. Rad1 Rxd1 26. Rxd1 Qg5 27. Qf3 Ba6 28. Nxc6 Bb7 29. Bb5 Rxa2 30. Qg3 Qf6 31. Ne7+ Kh7 32. c6 Qxe7 33.
cxb7 Qxb7 34. Qxf4 Qxb5 35. Qxf7 Qe2 36. Rf1 Rb2 37. Qf4 e5 38. Qf5+ Kh8 39. h4 h5 40.
Qf8+ Kh7 41. Qf5+ Kh6 42. g3 Qg4 43. Qxg4 hxg4 44. Re1 Rxb4 45. Rxe5 g6 46. Rg5 Re4 47. Kg2 Ra4 48. Re5 Rb4 49. Re3 Rc4 50. Kf1 Rc1+ 51.
Ke2 Rc4 52. Rd3 Ra4 53. Ke3 g5 54. Rd4 Ra3+ 55. Ke4 gxh4 56. gxh4 g3 57. fxg3 Rxg3 58. Kf4 Rg1 59. Rd5 Rg2 60. Rg5 Rxg5 61. hxg5+ Kg6 62.
Kg4 Kg7 63. Kf5 Kf7 64. g6+ Kg7 65. Kg5 Kg8 66. Kf6 Kf8 67. g7+ Kg8 68. Kg6 1/2-1/2

[Event "*** SCC Grand Prix: Titled Tuesday Blitz"]
[Site "Chess.com"]
[Date "2020.08.11"]
[Round "6"]
[White "Manukyan_Artak"]
[Black "AttilaTurzo"]
[Result "1-0"]
[WhiteElo "2350"]
[BlackElo "2446"]
[TimeControl "180+1"]
[EndTime "11:08:16 PDT"]
[Termination "Manukyan_Artak won by resignation"]

1. e4 c5 2. Nf3 d6 3. Bb5+ Bd7 4. Bxd7+ Nxd7 5. c4 g6 6. Nc3 Bg7 7. O-O Ngf6 8. d3 O-O 9. Rb1 Ne8 10. a3 Nc7 11. Bd2 Ne6 12. b4 b6 13. Nd5 Ne5 14. Nxe5 Bxe5 15.
f4 Bg7 16. f5 Nd4 17. Bg5 f6 18. Be3 e6 19. Nf4 e5 20. Nd5 Nc6 21. fxg6 hxg6 22.
Qg4 Qe8 23. Nc7 Qc8 24. Qxc8 Raxc8 25. Nd5 Rf7 26. g4 Ne7 27. Nxe7+ Rxe7 28. h4 Rf8 29.
Kg2 Ref7 30. b5 Kh7 31. a4 Bh6 32. Bg1 f5 33. gxf5 gxf5 34. exf5 Bf4 35. a5 Rxf5 36. axb6 axb6 37. Ra1 Rg8+ 38. Kf3 Bh2+ 39. Ke2 Rxf1 40.
Rxf1 Bxg1 41. Rf6 Rg6 42. Rf7+ Rg7 43. Rf6 Rd7 44. Kf3 Bh2 45. Ke4 Bg3 46. h5 Kg7 47.
Rg6+ Kh7 48. Rxg3 Kh6 49. Kd5 Kxh5 50. Kc6 Rd8 51. Kxb6 d5 52. Kxc5 dxc4 53. dxc4 Kh4 54. Re3 Re8 55. Kd6 e4 56. c5 Kg4 57. c6 Kf4 58. Re1 Rd8+ 59. Kc7 Rd2 60. b6 e3 61. b7 e2 62. b8=Q Ke3 63. Qb6+ 1-0